 Dungeon Crawl Stone Soup version 0.18.1-50-g88ac8fd (webtiles) character file.

25 ololoev the Skirmisher (level 2, 2/24 HPs)
             Began as a Demonspawn Fighter on Oct 13, 2016.
             Quit the game on level 1 of the Dungeon.
             The game lasted 00:01:45 (227 turns).

ololoev the Skirmisher (Demonspawn Fighter)          Turns: 227, Time: 00:01:45

Health: 2/24       AC:  6    Str: 16    XL:     2   Next: 86%
Magic:  2/2        EV:  6    Int: 11    God:
Gold:   11         SH:  8    Dex: 12    Spells: 0 memorised, 1 level left

rFire  . . .     SeeInvis .     a - +0 war axe
rCold  . . .     Gourm    .     b - +0 scale mail
rNeg   . . .     Faith    .     c - +0 shield
rPois  .         Spirit   .     (no helmet)
rElec  .         Dismiss  .     (no cloak)
rCorr  .         Reflect  .     (no gloves)
SustAt .         Harm     .     (no boots)
MR     .....                    (no amulet)
Stlth  +.........               (no ring)
                                h - +2 ring of intelligence (curse)

@: not resistant to hostile enchantments, very unstealthy
A: nightstalker 1
a: no special abilities


Innate Abilities, Weirdness & Mutations

You are slightly more attuned to the shadows.

Inventory:

Hand Weapons
 a - a +0 war axe (weapon)
Armour
 b - a +0 scale mail (worn)
 c - a +0 shield (worn)
Jewellery
 h - a cursed +2 ring of intelligence (left hand)
Scrolls
 e - a scroll of enchant weapon {unknown}
 g - a scroll of teleportation {unknown}
Comestibles
 d - 2 chunks of flesh
 f - a bread ration


   Skills:
 + Level 3.3 Fighting
 * Level 2.5 Axes
 + Level 2.9 Armour
 - Level 2.6 Shields


You had one spell level left.
You didn't know any spells.


You were on level 1 of the Dungeon.
You were not hungry.

You visited 1 branch of the dungeon, and saw 3 of its levels.

You collected 11 gold pieces.

######## ..
#. # ...#
.#.# ...
##?####.####.
.....g@......
##.##.....###
##...## ##.##
.# .# +#

Notes
Turn   | Place    | Note
--------------------------------------------------------------
     0 | D:1      | ololoev the Demonspawn Fighter began the quest for the Orb.
     0 | D:1      | Reached XP level 1. HP: 18/18 MP: 1/1
    70 | D:2      | Found a shadowy altar of Dithmenos.
   101 | D:2      | Gained mutation: You are slightly more attuned to the shadows. [demonic ancestry]
   101 | D:2      | Reached XP level 2. HP: 14/24 MP: 2/2
   211 | D:2      | HP: 1/24 [hobgoblin (3)]
   227 | D:1      | Quit the game

Dungeon Overview and Level Annotations

Branches:
Dungeon (3/15)

Altars:
Dithmenos


Message History

You see here a bat corpse.
You feel a little less mighty now.
There is a stone staircase leading up here.
You climb upwards.
The hobgoblin shouts!
A bat and a quokka come into view.
There is a stone staircase leading down here.
You barely miss the quokka. You hit the bat.
The bat is moderately wounded.
The bat hits you but does no damage. The quokka barely misses you.
You block the quokka's attack.
Unknown command.
You miss the quokka. The quokka bites you. You block the bat's attack.
Unknown command.
You closely miss the quokka. You closely miss the bat.
You closely miss the hobgoblin. You block the bat's attack.
The quokka bites you.
The hobgoblin hits you but does no damage.
You block the quokka's attack.
Unknown command.
Your shield and scale mail prevent you from hitting the quokka.
You hit the hobgoblin.
The hobgoblin is heavily wounded.
You block the bat's attack.
The quokka bites you but does no damage.
The hobgoblin hits you but does no damage.
You block the quokka's attack.
The hobgoblin hits you but does no damage.
You hit the quokka.
The quokka is heavily wounded.
Your shield and scale mail prevent you from hitting the hobgoblin.
The hobgoblin is heavily wounded.
The quokka barely misses you. The bat barely misses you.
You block the hobgoblin's attack.
The quokka bites you but does no damage.
You closely miss the quokka.
The quokka is heavily wounded.
You closely miss the hobgoblin.
The hobgoblin is heavily wounded.
You closely miss the bat. The bat hits you but does no damage.
You block the hobgoblin's attack. The quokka bites you.
The hobgoblin hits you but does no damage.
The quokka bites you but does no damage.
You slash the quokka!
You kill the quokka!
You closely miss the hobgoblin.
The hobgoblin is heavily wounded.
You block the bat's attack. The bat hits you but does no damage.
The hobgoblin hits you.
Unknown command.
You closely miss the bat. You closely miss the hobgoblin.
The hobgoblin is heavily wounded.
The bat hits you but does no damage. You block the hobgoblin's attack.
The hobgoblin hits you but does no damage.
Unknown command.
You hit the hobgoblin but do no damage.
The hobgoblin is moderately wounded.
The bat barely misses you. You block the hobgoblin's attack.
The bat hits you but does no damage.
Unknown command.
You slash the bat!
You kill the bat!
You closely miss the hobgoblin.
The hobgoblin is moderately wounded.
The hobgoblin completely misses you.
The hobgoblin hits you but does no damage.
Unknown command.
You hit the hobgoblin.
You kill the hobgoblin!
Found a stone staircase leading up.
You see here a hobgoblin corpse.
You butcher the hobgoblin corpse.
d - 2 chunks of flesh
There is a stone staircase leading up here.
You climb upwards.
The hobgoblin shouts!
You block the hobgoblin's attack.
Found a scroll labeled FELOTW ULEI.
There is a stone staircase leading down here.
Are you sure you want to abandon this character and quit the game? (Confirm with "yes".)

You could see a hobgoblin.

Vanquished Creatures
  An ooze (D:2)
  A giant gecko (D:2)
  3 orcs (D:3)
  A ball python (D:1)
  A goblin (D:2)
  3 hobgoblins
  2 kobolds (D:2)
  A quokka (D:2)
  2 bats
  A rat (D:1)
16 creatures vanquished.

Action                   || total
-------------------------++-------
Melee: War axe           ||    51
  Use: Potion            ||     1
Armor: Scale mail        ||    44
Dodge: Dodged            ||    17
Block: Shield            ||    37

Vault maps used:
D:1:      zelgadis_glass_arrival_small
D:2:      grunt_dithmenos_smoke, first_bread
D:3:      nicolae_overflow_quartered_altars, hangedman_decor_growths
